Map: Ley Lines

Players

ByuN - Winner!

  • Race: Terran Terran
  • Spawn Location: 7:00

Percival

  • Race: Terran Terran
  • Spawn Location: 1:00

VOD

Have the link to the VOD?

Description

Time

  • Played on: July 29, 2025, 9:09 p.m.
  • Length: 5:25
Show
View Real Time Build Order
Export as new Build Order

ByuN Terran - Winner!

Build Orders:  

Get SALT Encoding   

  12  0:00  SCV  
  13  0:12  SCV  
  14  0:16  Supply Depot  
  14  0:24  SCV  
  14  0:27  Refinery  
  15  0:38  SCV  
  16  0:43  Barracks  
  16  0:50  SCV  
  16  0:54  Refinery  
  17  1:02  SCV  
  18  1:14  SCV  
  19  1:30  Orbital Command, Reaper  
  20  1:33  Factory  
  20  1:42  Supply Depot  
  20  1:56  SCV  
  21  2:02  Reaper  
  22  2:08  SCV  
  23  2:17  Hellion  
  23  2:21  SCV  
  26  2:32  Command Center  
  26  2:34  Reaper  
  26  2:35  SCV  
  28  2:39  Hellion  
  28  2:42  Supply Depot  
  30  2:47  SCV  
  31  2:52  Starport  
  31  3:00  Factory Tech Lab  
  31  3:04  SCV  
  32  3:08  Barracks Reactor  
  32  3:16  SCV  
  33  3:20  Cyclone  
  36  3:28  SCV  
  36  3:29  Medivac  
  39  3:43  SCV  
  39  3:44  Marine x2  
  39  3:46  Refinery  
  42  3:52  Cyclone  
  45  3:55  SCV  
  45  4:01  Supply Depot  
  46  4:04  Marine x2  
  46  4:06  Orbital Command  
  46  4:08  SCV, Starport Tech Lab  
  49  4:20  SCV  
  53  4:24  Siege Tank  
  53  4:25  Supply Depot  
  53  4:29  Raven  
  55  4:32  SCV x2  
  57  4:44  SCV, Supply Depot  
  57  4:45  SCV  
  59  4:46  Marine  
  59  4:47  Marine  
  61  4:57  SCV x2  
  66  5:04  Marine x2  
  68  5:09  SCV  
  68  5:12  SCV  
Show
View Real Time Build Order
Export as new Build Order

Percival Terran 

Build Orders:  

Get SALT Encoding   

  12  0:00  SCV  
  13  0:12  SCV  
  14  0:17  Supply Depot  
  14  0:24  SCV  
  15  0:38  SCV  
  15  0:40  Barracks  
  16  0:44  Refinery  
  16  0:50  SCV  
  17  1:00  Barracks  
  17  1:03  SCV  
  18  1:11  Refinery  
  18  1:15  SCV  
  19  1:27  Reaper  
  19  1:31  Orbital Command  
  20  1:43  Supply Depot  
  20  1:47  Reaper  
  21  1:57  SCV  
  21  1:59  Reaper  
  23  2:09  Factory  
  23  2:10  SCV  
  24  2:19  Reaper  
  24  2:22  SCV  
  26  2:34  Reaper  
  26  2:35  SCV  
  28  2:38  Supply Depot  
  28  2:48  SCV  
  29  2:52  Command Center  
  29  3:00  SCV  
  29  3:03  Starport  
  30  3:12  SCV  
  31  3:13  Factory Tech Lab  
  31  3:18  Barracks Reactor  
  31  3:24  SCV  
  32  3:34  Refinery  
  32  3:36  Cyclone, SCV  
  32  3:40  Starport Tech Lab  
  36  3:48  SCV  
  37  3:55  Command Center  
  37  4:00  SCV  
  38  4:03  Orbital Command  
  38  4:08  Raven  
  40  4:12  Marine x2  
  40  4:15  SCV  
  43  4:20  Cyclone  
  46  4:25  Supply Depot  
  46  4:28  Interference Matrix  
  46  4:30  SCV  
  47  4:31  SCV  
  47  4:35  Marine x2  
  51  4:42  SCV  
  51  4:43  SCV  
  51  4:45  Raven  
  54  4:48  Supply Depot  
  54  4:54  SCV  
  54  4:56  Marine x3  
  54  5:06  SCV  
  52  5:10  SCV  
Tags
 
Matchup
TvT
Race
Terran
Spawn Locations
Cross Positions
Add a new tag
Caveats
  • Supply blocks, unpowered buildings, or Contaminate may cause inaccurate times.
  • Supply counts are checked every 10 seconds.